 Dungeon Crawl Stone Soup version 0.24.0-123-gd5b16e6ec5 (webtiles) character file.

Game seed: 4676006021698374376, levelgen mode: deterministic

97497 DeadFury222 the Severer (level 16, -1/149 HPs)
             Began as a Hill Orc Fighter on Jan 11, 2020.
             Was an Elder of Beogh.
             Slain by an alligator snapping turtle (11 damage)
             ... on level 2 of the Shoals.
             The game lasted 01:56:45 (25819 turns).

DeadFury222 the Severer (Hill Orc Fighter)         Turns: 25819, Time: 01:56:46

Health: -1/149     AC: 19    Str: 22    XL:     16   Next: 19%
Magic:  0/26       EV:  5    Int: 12    God:    Beogh [****..]
Gold:   2649       SH: 23    Dex: 14    Spells: 15/15 levels left

rFire    . . .     SeeInvis +   y - +4 broad axe (chop)
rCold    . . .     Gourm    .   v - +3 large shield of Mutualism {Dex+4}
rNeg     . . .     Faith    .   a - +0 plate armour
rPois    +         Spirit   +   E - +0 helmet
rElec    .         Reflect  .   M - scarf {Spirit}
rCorr    .         Harm     .   (no gloves)
MR       +....                  Z - +0 pair of boots
Stlth    ..........             u - amulet of regeneration
HPRegen  0.74/turn              s - ring of poison resistance
MPRegen  0.20/turn              p - ring of see invisible

@: lightly drained
A: no striking features
a: Smiting, Recall Orcish Followers, Renounce Religion


You were on level 2 of the Shoals.
You worshipped Beogh.
Beogh was greatly pleased with you.
You were very hungry.

You visited 6 branches of the dungeon, and saw 28 of its levels.
You also visited: Ossuary and Volcano.

You collected 3238 gold pieces.
You spent 589 gold pieces at shops.

Inventory:

Hand Weapons
 k - the +4 hand axe "Owopep Ceywk" {venom, rN+, unknown}
   (You found it on level 3 of the Lair of Beasts)

   It poisons the flesh of those it strikes.
   It protects you from negative energy.
 y - a +4 broad axe of chopping (weapon)
 I - a +5 long sword of flaming
Missiles
 i - 5 javelins (quivered)
Armour
 a - a +0 plate armour (worn)
 v - the +3 large shield of Mutualism (worn) {Dex+4}
   (You acquired it on level 3 of the Lair of Beasts)

   It affects your dexterity (+4).
 E - a +0 helmet (worn)
 M - a scarf of spirit shield (worn)
 Z - a +0 pair of boots (worn)
Jewellery
 p - a ring of see invisible (right hand)
 s - a ring of poison resistance (left hand)
 u - an amulet of regeneration (around neck)
Wands
 w - a wand of paralysis (21)
 x - a wand of iceblast (32)
 K - a wand of acid (26)
 O - a wand of disintegration (29)
 T - a wand of polymorph (14)
Scrolls
 c - 7 scrolls of amnesia
 e - 13 scrolls of teleportation
 g - 18 scrolls of remove curse
 h - a scroll of fog
 z - 2 scrolls of fear
 A - 5 scrolls of magic mapping
 B - a scroll of summoning
 D - 4 scrolls of enchant weapon
 G - 4 scrolls of immolation
 H - 9 scrolls of noise
 J - 4 scrolls of enchant armour
 L - 3 scrolls of holy word {unknown}
 U - a scroll of torment {unknown}
 V - a scroll of blinking
 W - 2 scrolls of vulnerability {unknown}
Potions
 b - a potion of berserk rage
 d - 6 potions of might
 j - 3 potions of flight
 l - 5 potions of lignification
 m - 3 potions of mutation
 n - 3 potions of magic
 o - 5 potions of curing
 q - a potion of resistance
 r - 3 potions of ambrosia
 t - a potion of heal wounds
 C - 2 potions of cancellation
 F - 3 potions of haste
 Q - a potion of invisibility {unknown}
 R - 2 potions of agility
 S - 3 potions of brilliance
Comestibles
 f - 47 rations


   Skills:
 + Level 15.5(15.3) Fighting
 - Level 16.0(15.7) Axes
 + Level 14.4(14.2) Armour
 + Level 14.5(14.2) Shields
 + Level 14.5(14.3) Invocations


You had 15 spell levels left.
You didn't know any spells.
Your spell library contained the following spells:

 Spells                   Type           Power        Failure   Level  Hunger
 Animate Skeleton         Necr           N/A          100%        1    ##.....
 Apportation              Tloc           #.....       100%        1    ##.....
 Confusing Touch          Hex            #.....       100%        1    ##.....
 Corona                   Hex            #......      100%        1    ##.....
 Magic Dart               Conj           #...         100%        1    ##.....
 Shock                    Conj/Air       #...         100%        1    ##.....
 Summon Butterflies       Summ           #.......     100%        1    ##.....
 Summon Small Mammal      Summ           #...         100%        1    ##.....
 Blink                    Tloc           N/A          100%        2    ###....
 Call Imp                 Summ           #.......     100%        2    ###....
 Searing Ray              Conj           #.....       100%        2    ###....
 Slow                     Hex            #.......     100%        2    ###....
 Swiftness                Chrm/Air       #.......     100%        2    ###....
 Call Canine Familiar     Summ           #.......     100%        3    ####...
 Conjure Flame            Conj/Fire      #.......     100%        3    ####...
 Dazzling Spray           Conj/Hex       #.....       100%        3    ####...
 Ignite Poison            Fire/Tmut/Pois #.......     100%        3    ####...
 Inner Flame              Hex/Fire       #.......     100%        3    ####...
 Mephitic Cloud           Conj/Pois/Air  #.......     100%        3    ####...
 Portal Projectile        Hex/Tloc       #.....       100%        3    ####...
 Static Discharge         Conj/Air       #.......     100%        3    ####...
 Summon Guardian Golem    Hex/Summ       #.......     100%        3    ####...
 Airstrike                Air            #.........   100%        4    #####..
 Cause Fear               Hex            #.........   100%        4    #####..
 Force Lance              Conj/Tloc      #.......     100%        4    #####..
 Fulminant Prism          Conj/Hex       #.........   100%        4    #####..
 Iskenderun's Mystic Bla  Conj           #.......     100%        4    #####..
 Leda's Liquefaction      Hex/Erth       #.........   100%        4    #####..
 Summon Ice Beast         Ice/Summ       #.......     100%        4    #####..
 Summon Lightning Spire   Summ/Air       #.......     100%        4    #####..
 Aura of Abjuration       Summ           #.........   100%        5    ######.
 Fireball                 Conj/Fire      #.........   100%        5    ######.
 Lightning Bolt           Conj/Air       #.........   100%        5    ######.
 Silence                  Hex/Air        #.........   100%        5    ######.
 Summon Demon             Summ           #.........   100%        5    ######.
 Summon Mana Viper        Hex/Summ       #.......     100%        5    ######.
 Yara's Violent Unravell  Hex/Tmut       #.........   100%        5    ######.
 Bolt of Fire             Conj/Fire      #.........   100%        6    #######
 Deflect Missiles         Chrm/Air       #.........   100%        6    #######
 Shadow Creatures         Summ           N/A          100%        6    #######
 Malign Gateway           Summ/Tloc      #.........   100%        7    #######
 Ring of Flames           Chrm/Fire      #.........   100%        7    #######
 Summon Hydra             Summ           #.........   100%        7    #######
 Discord                  Hex            #.........   100%        8    #######
 Ignition                 Fire           #.........   100%        8    #######
 Dragon's Call            Summ           #.........   100%        9    #######


Dungeon Overview and Level Annotations

Branches:
Dungeon (15/15)            Temple (0/1) D:7            Lair (6/6) D:8
 Shoals (2/4) Lair:3        Snake (0/4) Lair:4        Slime (0/5) Lair:6
    Orc (2/2) D:11            Elf (1/3) Orc:2        Vaults (0/5) D:13
 Depths (2/5) D:15        Ossuary (visited)         Volcano (visited)

Altars:
Elyvilon
Fedhas
Gozag
Okawaru
Qazlal
Sif Muna
Trog
Uskayaw
Vehumet
Wu Jian
Yredelemnul
Zin
The Shining One
Beogh

Shops:
D:4 (   D:6 %   D:9 [   D:13 ?   Orc:2 [[[%

Portals:
Hell: Depths:1
Pandemonium: Depths:1

Annotations:
D:11 1 runed translucent door


Message History

You block the snapping turtle's attack.
Morbeogh hits the alligator snapping turtle!!
Your orc priest hits the alligator snapping turtle but does no damage.
The sea snake bites your orc priest!
Your orc priest looks as sick as possible!
The sea snake poisons your orc priest!
Your orc priest hits the alligator snapping turtle but does no damage.
The alligator snapping turtle bites you!
* * * LOW HITPOINT WARNING * * *
Orkwin hits the alligator snapping turtle from afar with the +8 trident of DeadFury222's Doom {protect, +Blink rPois rN+}!!
As you read the scroll of fear, it crumbles to dust.
You assume a fearsome visage.
The sea snake looks frightened!
The alligator snapping turtle resists with almost no effort.
The merfolk avatar looks frightened!
The alligator snapping turtle easily resists.
The snapping turtle looks frightened!
The sea snake looks frightened!
The merfolk looks frightened!
The merfolk gibbers meaninglessly.
The alligator snapping turtle bites you!
You die...

≈≈≈...≈≈<...## ....#
......≈≈...###.....#
..≈≈≈≈≈≈≈≈≈....# ..#
≈≈≈≈≈≈≈≈≈≈≈≈...# #..
≈≈≈≈≈≈≈≈≈≈≈≈.....≈
≈≈≈≈≈t≈≈≈≈≈≈.##..≈
≈.≈≈≈≈[≈≈≈≈≈.....≈
.≈≈≈!≈.o≈≈≈≈....≈≈
.≈≈m.)o@.o≈.....≈
......Stto.....≈≈
#.......†...≈≈≈≈≈
##..<..S....≈≈≈
#(......%≈≈≈≈≈
#.......≈≈≈≈≈≈
........≈≈≈m≈≈≈
........≈≈≈≈≈≈≈


You could see 2 alligator snapping turtles, a merfolk avatar (fleeing), 2 sea
snakes, a snapping turtle (fleeing), a merfolk (fleeing), the friendly Orkwin
the orc warlord, the friendly Morbeogh the orc knight and 2 friendly orc
priests.

Vanquished Creatures
  A fire dragon (Lair:6)
  An ettin (D:15)
  A great orb of eyes (Depths:1)
  5 hydras
  4 vault guards (D:13)
  7 two-headed ogres
  2 catoblepae
  A centaur warrior (D:15)
  An ogre mage (D:15)
  3 orc high priests
  2 vampire magi (Depths:1)
  Sonja (Lair:1)
  2 hell knights (Depths:1)
  A deep troll (Depths:1)
  3 skeletal warriors
  3 unseen horrors
  A wizard (D:14)
  A harpy (Shoals:2)
  2 deep elf magi (Depths:1)
  7 fauns (Shoals:1)
  An orc sorcerer (Orc:1)
  A necromancer (Depths:1)
  5 ugly things
  4 cyclopes
  2 manticores
  4 elephants (Lair:6)
  Maurice (D:10)
  A merfolk siren (Shoals:2)
  A centaur skeleton (D:13)
  A gargoyle (D:11)
  3 kobold demonologists
  4 spiny frogs
  A freezing wraith (D:14)
  2 yaktaurs (Depths:1)
  A tengu conjurer (D:15)
  3 komodo dragons
  An efreet (D:13)
  2 merfolk (Shoals:1)
  A troll (D:15)
  A wind drake (Shoals:1)
  2 raiju (Lair:6)
  A blink frog (Lair:4)
  A hornet (D:10)
  4 polar bears (Lair:6)
  2 hippogriffs
  13 dream sheep
  2 slime creatures (Depths:1)
  A snapping turtle (Shoals:1)
  5 spriggans (D:11)
  3 shadows
  23 yaks
  3 vampires
  2 water elementals
  3 wyverns
  6 vampire mosquitoes (D:13)
  A hungry ghost (D:10)
  2 wargs
  A naga (Lair:4)
  3 soldier ants (Lair:3)
  9 hell hounds
  3 acid dragons
  4 water moccasins
  7 porcupines
  2 ice beasts
  7 orc warriors
  8 black bears
  4 sky beasts
  An eye of draining (D:15)
  7 ogres
  A boggart (Depths:1)
  8 wolves
  8 crocodiles
  3 centaurs
  3 big kobolds
  Blork the orc (D:5)
  12 bullfrogs
  A gnoll sergeant (D:8)
  A wyvern skeleton (D:13)
  6 scorpions
  4 killer bees (D:12)
  8 wights
  2 electric eels
  A howler monkey (D:6)
  4 crimson imps
  2 bullfrog zombies
  6 centaur zombies
  2 human zombies (Ossuary)
  A quasit (D:8)
  5 orc priests
  2 bullfrog skeletons
  4 hounds
  6 orc wizards
  3 jellies
  A gnoll shaman (D:4)
  6 iguanas
  18 worker ants
  A killer bee zombie (D:9)
  A hound zombie (D:6)
  3 mummies (Ossuary)
  A worker ant zombie (D:5)
  A howler monkey zombie (D:10)
  22 gnolls
  15 adders
  2 shadow imps
  2 oozes
  3 adder zombies (Ossuary)
  2 adder skeletons
  2 worms
  A leopard gecko (D:1)
  27 orcs
  4 ball pythons
  4 giant cockroaches
  A gnoll zombie (Ossuary)
  9 goblins
  13 hobgoblins
  7 jackals
  15 kobolds
  5 quokkas
  6 bats
  4 frilled lizards
  5 goblin zombies
  7 hobgoblin zombies
  2 jackal zombies (Ossuary)
  4 kobold zombies
  A leopard gecko zombie (D:5)
  2 orc zombies (D:5)
  4 quokka zombies (Ossuary)
  6 rats
  7 rat zombies
  7 fungi
  13 plants
547 creatures vanquished.

Vanquished Creatures (collateral kills)
  A frost giant (Depths:1)
  A stone giant (Depths:1)
  Snorg (D:10)
  An ettin (Orc:1)
  A merfolk javelineer (Shoals:1)
  A mummy priest (Depths:1)
  A merfolk impaler (Shoals:1)
  4 vault guards (D:13)
  An ice dragon (Depths:1)
  Erolcha (D:10)
  2 centaur warriors
  A death knight (D:14)
  A deep troll shaman (Depths:1)
  A queen ant (Lair:3)
  5 two-headed ogres
  A vampire mage (Depths:1)
  3 orc high priests (Orc:2)
  A sea snake (Shoals:1)
  4 skeletal warriors
  2 hell knights (Depths:1)
  3 deep trolls
  A wizard (D:15)
  A swamp dragon (Lair:6)
  4 harpies (Shoals:2)
  4 fauns (Shoals:1)
  3 cyclopes
  10 ugly things
  A manticore (Shoals:1)
  A slime creature (Depths:1)
  3 black mambas
  A merfolk siren (Shoals:1)
  5 elephants (Lair:6)
  A kobold demonologist (D:13)
  A gargoyle (D:15)
  5 spiny frogs
  A rime drake (Lair:6)
  2 yaktaurs (Depths:1)
  An efreet (D:14)
  2 komodo dragons
  2 trolls
  5 polar bears (Lair:6)
  A merfolk (Shoals:1)
  11 dream sheep
  A wind drake (Shoals:1)
  6 blink frogs
  2 raiju (Lair:6)
  A snapping turtle (Shoals:2)
  3 hippogriffs
  A centaur simulacrum (D:14)
  2 shadows (D:15)
  3 wyverns
  2 spriggans (D:11)
  3 wraiths
  13 yaks
  4 basilisks
  2 steam dragons (Lair:6)
  9 wargs
  2 vampire mosquitoes (D:13)
  3 nagas (Lair:4)
  6 hell hounds (Lair:6)
  A soldier ant (Lair:3)
  4 acid dragons
  6 water moccasins
  A sky beast (D:11)
  2 porcupines
  6 black bears
  3 orc warriors
  A swamp drake (Lair:6)
  A phantom (D:11)
  2 centaurs
  9 wolves
  4 ogres
  8 crocodiles
  3 big kobolds
  9 bullfrogs
  2 killer bees (D:12)
  4 wights
  2 howler monkeys
  3 crimson imps
  A bullfrog zombie (D:11)
  A gnoll shaman (Orc:2)
  8 orc priests
  4 orc wizards
  6 worker ants (Lair:3)
  3 gnolls
  2 adders
  A shadow imp (D:11)
  12 orcs
  2 jackals
  5 kobolds
  A butterfly (Lair:4)
  2 fungi
  18 plants
303 creatures vanquished.

Vanquished Creatures (others)
  4 orc high priests (Orc:2)
  4 orc knights
  An orc sorcerer (Shoals:1)
  8 orc warriors
  5 orc wizards
  A boggart (Depths:1)
  26 orc priests
  41 orcs
  7 fungi
  18 plants
115 creatures vanquished.

Grand Total: 965 creatures vanquished

Notes
Turn   | Place    | Note
-------+----------+-------------------------------------------
     0 | D:1      | DeadFury222 the Hill Orc Fighter began the quest for the
                  | Orb.
     0 | D:1      | Reached XP level 1. HP: 19/19 MP: 1/1
   127 | D:1      | Reached skill level 3 in Axes
   128 | D:1      | Reached XP level 2. HP: 21/27 MP: 2/2
   628 | D:2      | Reached XP level 3. HP: 25/33 MP: 3/3
   958 | D:2      | Reached skill level 4 in Axes
  1159 | D:2      | Reached XP level 4. HP: 40/40 MP: 4/4
  1221 | D:2      | Found a basalt altar of Yredelemnul.
  1752 | D:3      | Noticed a black bear
  1762 | D:3      | Killed a black bear
  1762 | D:3      | Reached skill level 5 in Axes
  1762 | D:3      | Reached XP level 5. HP: 35/47 MP: 5/5
  2230 | D:3      | Found an ornate altar of the Wu Jian Council.
  2357 | D:3      | Found a faded altar of an unknown god.
  2580 | D:4      | Found Ikkesit's Weapon Emporium.
  2701 | D:4      | Reached XP level 6. HP: 51/53 MP: 6/6
  2763 | D:4      | Became a worshipper of Beogh the Brigand
  2880 | D:4      | Reached skill level 5 in Fighting
  2880 | D:4      | Reached skill level 6 in Axes
  3621 | D:4      | Bought a +4 broad axe of chopping for 364 gold pieces
  3676 | D:5      | Entered Level 5 of the Dungeon
  3676 | D:5      | Found a hide-covered altar of Uskayaw.
  3676 | D:5      | Noticed a +0 dagger
  3676 | D:5      | Noticed a +0 dagger
  3771 | D:5      | Found a glowing golden altar of the Shining One.
  3774 | D:5      | Noticed Blork the orc
  3803 | D:4      | Reached XP level 7. HP: 58/61 MP: 7/7
  3835 | D:5      | Reached * piety under Beogh
  3877 | D:5      | Found a blossoming altar of Fedhas.
  3879 | D:5      | Got an encrusted trident
  4004 | D:5      | Found an opulent altar of Gozag.
  4209 | D:5      | Killed Blork the orc
  4209 | D:5      | Reached skill level 5 in Shields
  4262 | D:6      | Reached skill level 7 in Axes
  4262 | D:6      | Reached skill level 5 in Armour
  4335 | D:6      | Found a sand-covered staircase.
  4352 | Ossuary  | Entered an ossuary
  4401 | Ossuary  | Reached ** piety under Beogh
  4403 | Ossuary  | Reached XP level 8. HP: 67/70 MP: 8/8
  4454 | Ossuary  | Reached skill level 8 in Axes
  4636 | D:6      | Found Ugyfit's Food Shoppe.
  5202 | D:7      | Found a staircase to the Ecumenical Temple.
  5473 | D:7      | Reached skill level 9 in Axes
  5624 | D:7      | Reached *** piety under Beogh
  5790 | D:7      | Got a polished short sword
  5968 | D:8      | Reached XP level 9. HP: 59/79 MP: 9/9
  6031 | D:8      | Reached skill level 10 in Axes
  6066 | D:8      | Found a staircase to the Lair.
  6130 | D:8      | Found an iron altar of Okawaru.
  6130 | D:8      | Found a bloodstained altar of Trog.
  6340 | D:8      | Found a radiant altar of Vehumet.
  6356 | D:8      | Found a stormy altar of Qazlal.
  6399 | D:8      | Reached skill level 11 in Axes
  6618 | D:8      | Reached **** piety under Beogh
  6822 | D:9      | Found Fuaplul's Armour Emporium.
  6884 | D:9      | Reached XP level 10. HP: 81/88 MP: 10/10
  7175 | D:9      | Reached skill level 12 in Axes
  7213 | D:9      | Noticed a three-headed hydra
  7226 | D:9      | Killed a seven-headed hydra
  7368 | D:10     | Entered Level 10 of the Dungeon
  7422 | D:10     | Reached skill level 1 in Invocations
  7447 | D:10     | Noticed Maurice
  7459 | D:10     | Killed Maurice
  7655 | D:10     | Reached ***** piety under Beogh
  7678 | D:10     | Gained Bogmar as an ally
  7779 | D:10     | Noticed Snorg
  7779 | D:10     | Noticed Erolcha
  7789 | D:10     | Killed Snorg
  7789 | D:10     | Reached skill level 13 in Axes
  7789 | D:10     | Killed Erolcha
  7789 | D:10     | Reached XP level 11. HP: 97/97 MP: 13/13
  8073 | Lair:1   | Entered Level 1 of the Lair of Beasts
  8291 | Lair:1   | Noticed Sonja
  8309 | Lair:1   | Killed Sonja
  8639 | Lair:1   | Found a dark tunnel.
  8649 | Volcano  | Entered a volcano
  9215 | Lair:2   | You fall into a shaft and drop 1 floor!
  9375 | Lair:2   | Reached skill level 10 in Fighting
  9375 | Lair:2   | Reached skill level 14 in Axes
  9379 | Lair:2   | Reached skill level 5 in Invocations
  9466 | Lair:2   | Found an ornate altar of the Wu Jian Council.
  9947 | Lair:3   | Found a staircase to the Shoals.
  9984 | Lair:3   | Noticed a queen ant
  9999 | Lair:3   | Killed a queen ant
 10027 | Lair:3   | Your ally Bogmar died
 10030 | Lair:3   | Noticed a catoblepas
 10033 | Lair:3   | Killed a catoblepas
 10322 | Lair:3   | Reached XP level 12. HP: 107/107 MP: 16/16
 11093 | Lair:4   | Gained Orkwin as an ally
 11097 | Lair:4   | Reached skill level 15 in Axes
 11225 | Lair:4   | Identified the +8 trident of DeadFury222's Doom {protect,
                  | +Blink rPois rN+} (You found it on level 5 of the Dungeon)
 11227 | Lair:4   | Identified the +4 short sword of Deucen {drain, rC+ MR+++
                  | Str-2 Int+2} (You found it on level 7 of the Dungeon)
 11265 | Lair:4   | Found a staircase to the Snake Pit.
 11315 | Lair:4   | Reached skill level 10 in Shields
 11394 | Lair:4   | Reached skill level 10 in Armour
 12410 | Lair:6   | Entered Level 6 of the Lair of Beasts
 12657 | Lair:6   | Reached skill level 16 in Axes
 12670 | Lair:6   | Reached XP level 13. HP: 106/116 MP: 14/19
 13044 | Lair:6   | Reached ****** piety under Beogh
 13412 | Lair:6   | Reached skill level 10 in Invocations
 13580 | Lair:6   | Noticed a fire dragon
 13589 | Lair:6   | Killed a fire dragon
 13886 | Lair:6   | Found a staircase to the Slime Pits.
 14510 | D:11     | Found a glowing golden altar of the Shining One.
 14510 | D:11     | Found a runed translucent door.
 14510 | D:11     | Noticed an angel
 14605 | D:11     | Found a staircase to the Orcish Mines.
 14937 | D:11     | Reached XP level 14. HP: 107/127 MP: 10/22
 15441 | D:11     | Gained Bogbrand as an ally
 16931 | D:12     | Got a smoking falchion
 17380 | D:13     | Found Bino's Magic Scroll Shop.
 17407 | D:13     | Bought 2 scrolls of enchant armour for 225 gold pieces
 17446 | D:13     | Gained Geork as an ally
 17522 | D:13     | Your ally Bogbrand died
 18014 | D:13     | Found a gate to the Vaults.
 18540 | D:14     | Found a glowing silver altar of Zin.
 18778 | D:14     | Your ally Geork died
 18783 | D:14     | Gained Hawl as an ally
 19339 | D:15     | Entered Level 15 of the Dungeon
 19359 | D:15     | Found a white marble altar of Elyvilon.
 19364 | D:15     | Reached XP level 15. HP: 136/138 MP: 24/24
 19409 | D:15     | Gained Bogwald as an ally
 19428 | D:15     | HP: 6/139 [orc sorcerer/bolt of fire[an orc knight] (16)]
 19961 | D:15     | Found a staircase to the Depths.
 20816 | Shoals:1 | Entered Level 1 of the Shoals
 21395 | Shoals:1 | Your ally Bogwald died
 21477 | Shoals:1 | Your ally Hawl died
 22042 | Orc:1    | Entered Level 1 of the Orcish Mines
 22186 | Orc:2    | Entered Level 2 of the Orcish Mines
 22314 | Orc:2    | Reached skill level 15 in Fighting
 22323 | Orc:2    | Found Robituun's Food Shoppe.
 22323 | Orc:2    | Found Tausou's Armour Shop.
 22566 | Orc:2    | Found a roughly hewn altar of Beogh.
 22663 | Orc:2    | Found Runk's Armour Shoppe.
 22663 | Orc:2    | Found Kutiora's Armour Shop.
 22714 | Orc:2    | Found a staircase to the Elven Halls.
 23023 | Orc:1    | Paralysed by an orc sorcerer for 4 turns
 23303 | Elf:1    | Entered Level 1 of the Elven Halls
 23636 | Lair:3   | Got a scorched hand axe
 23637 | Lair:3   | Identified a scroll of acquirement
 23638 | Lair:3   | Got a faintly humming large shield
 23885 | Depths:1 | Entered Level 1 of the Depths
 24190 | Depths:1 | Found a one-way gate leading to the halls of Pandemonium.
 24267 | Depths:1 | Noticed a frost giant
 24274 | Depths:1 | Killed a frost giant
 24544 | Depths:1 | Found a gateway to Hell.
 24545 | Depths:1 | Gained Morbeogh as an ally
 24545 | Depths:1 | Reached XP level 16. HP: 140/149 MP: 22/26
 24657 | Depths:1 | Identified the +3 large shield of Mutualism {Dex+4} (You
                  | acquired it on level 3 of the Lair of Beasts)
 24765 | Depths:1 | Found a shimmering blue altar of Sif Muna.
 25171 | Depths:1 | Identified Sif Muna's Handbook of the Insatiable Deaths
 25233 | Depths:1 | Identified the Compendium of the Escort
 25819 | Shoals:2 | Slain by an alligator snapping turtle

Levels and vault maps discovered:
D:1:      eino_arrival_tree_alley, layout_loops_ring
D:2:      cheibrodos_greedy_goblins, layout_rooms,
          lemuel_coloured_pillars_altar, chequers_serial_rivers_micro_d,
          chequers_jeans
D:3:      layout_loops_ring, marbit_many_paths, chequers_ecumenical_altar_grove
D:4:      layout_layer_cave, serial_shops, kennysheep_mini_moat, first_ration
D:5:      layout_rooms, nicolae_gozag_cash_rules_everything_around_me,
          fedhas_altar_3, dancing_weapons_uskayaw, nicolae_tso_besieged_by_evil,
          uniq_blork_the_orc
D:6:      layout_basic, enter_ossuary_4, serial_shops, shop_fountains,
          minivault_23
D:7:      layout_basic, minmay_temple_entry_glass
D:8:      layout_loops_ring, grunt_temple_overflow_bloody_war,
          vehumet_altar_wand_db, grunt_lair_entry_orc_guard_hut,
          nicolae_qazlal_general_emergency
D:9:      layout_basic, serial_shops, shop, hangedman_ranch
          [blue_anna_fruit_fields]
D:10:     layout_irregular_city, uniq_snorg, uniq_maurice, uniq_erolcha
D:11:     kb_forest_paths, layout_basic, orc_0_dummy, serial_bayou_ford_a,
          lemuel_angel_altar
D:12:     wad_mega_maze, layout_basic
D:13:     layout_rooms, erik_vaults_2, serial_shops, shop_scrolls
D:14:     layout_irregular_city, basic_altar, kennysheep_small_circle
D:15:     hangedman_depths_entry_civil_slaughter, layout_irregular_city,
          serial_park_square3 [serial_park_minivault_5x5_4],
          minmay_joined_circles
Lair:1:   layout_cave_pods, enter_volcano_3, uniq_sonja
Lair:2:   layout_loops_ring, basic_altar
Lair:3:   layout_concentric_octagons, elwin_shoals_entry_rocks,
          minmay_stone_trees_medium, st_stairs_3, minivault_26,
          wad_woods_road_02, minmay_another_anthill
Lair:4:   layout_small_grid, guppyfry_snake_entry_garden, serial_bayou_shore_a,
          lemuel_fruit_fields, infiniplex_staircase_pool
Lair:5:   layout_gridlike
Lair:6:   guppyfry_lair_end_dragon, layout_loops_ring,
          hangedman_lair_caniforms_friends, slime_dummy
Shoals:1: layout_shoals
Shoals:2: layout_shoals, nicolae_shoals_siren_and_animal_friends
Orc:1:    layout_caves
Orc:2:    st_orc_town, layout_diamond_mine
Elf:1:    eino_elf_arrival_altar, layout_onion_city, minmay_elf_demonology,
          uniq_nikola
Depths:1: layout_gridville, bh_walls_and_bars, grunt_metal_band, pan_entry,
          hangedman_decor_slide_cut, hangedman_summoners_spam
Depths:2: minmay_the_grid_3x2 [minmay_the_grid_artifice, minmay_the_grid_rooms,
          minmay_the_grid_expand, minmay_the_grid_diamond_grid,
          minmay_the_grid_pillar_ring, minmay_the_grid_prize_shrinking_boxes],
          layout_gridlike, enter_trove_6,
          nicolae_abyss_entry_one_way_or_another, hell_entry,
          hangedman_abyss_or_decor_lesser_grid, eino_tiny_chamber, drop_trap,
          chequers_serial_rivers_micro_c, minmay_holes,
          eino_small_chamber_without_monster

Skill      XL: |  1  2  3  4  5  6  7  8  9 10 11 12 13 14 15 |
---------------+----------------------------------------------+-----
Axes           | 3 4 5 6 7 9 11 13 14 16 | 16.0
Fighting       | 4 5 7 8 9 10 11 12 14 15 | 15.5
Armour         | 4 5 6 7 8 9 10 11 13 14 | 14.4
Shields        | 4 5 6 7 8 9 10 12 13 14 | 14.5
Invocations    | 3 6 8 10 12 14 | 14.5

Action                   |  1- 3 |  4- 6 |  7- 9 | 10-12 | 13-15 | 16-18 || total
-------------------------+-------+-------+-------+-------+-------+-------++-------
Melee: War axe           |   124 |   134 |       |       |       |       ||   258
       Broad axe         |       |    28 |   349 |   399 |   797 |    59 ||  1632
Throw: Javelin           |     2 |       |       |       |       |       ||     2
Invok: Convert to Beogh  |       |     1 |       |       |       |       ||     1
       Smiting           |       |       |       |     5 |    43 |    12 ||    60
       Give Item to Name |       |       |       |     1 |       |       ||     1
       Recall Orcish Fol |       |       |       |       |    12 |     3 ||    15
Evoke: Wand              |       |       |     1 |     8 |     3 |       ||    12
  Use: Scroll            |       |    12 |       |    16 |    14 |     4 ||    46
       Potion            |       |       |       |       |     4 |     2 ||     6
 Stab: Distracted        |       |       |       |     2 |     6 |       ||     8
       Paralysed         |       |       |       |       |       |     1 ||     1
  Eat: Chunk             |       |     7 |     6 |    17 |    27 |     3 ||    60
       Ration            |       |     1 |     1 |     1 |     3 |       ||     6
Armor: Scale mail        |    69 |    58 |       |       |       |       ||   127
       Plate armour      |       |    13 |   117 |   118 |   248 |    36 ||   532
Dodge: Dodged            |    42 |    50 |    15 |    31 |    96 |    11 ||   245
Block: Shield            |    77 |    49 |       |       |       |       ||   126
       Large shield      |       |    73 |   302 |   354 |   801 |   107 ||  1637
